 Dungeon Crawl Stone Soup version 0.29-a0-25-g7f48f510a0 (webtiles) character file.

Game seed: 731188285633441196

8083 Nattfarinn the Reanimator (level 11, -8/106 HPs)
             Began as a Deep Dwarf Necromancer on Jan 31, 2022.
             Was a Believer of Makhleb.
             Mangled by a gargoyle (18 damage)
             ... on level 11 of the Dungeon.
             The game lasted 00:31:20 (15077 turns).

Nattfarinn the Reanimator (Deep Dwarf Necromancer) Turns: 15077, Time: 00:31:21

Health: -8/106     AC: 14    Str: 15    XL:     11   Next: 5%
Magic:  20/20      EV: 12    Int: 17    God:    Makhleb [**....]
Gold:   733        SH:  6    Dex: 13    Spells: 8/22 levels left

rFire   . . .      SeeInvis .   c - +1 dagger (elec)
rCold   + . .      Faith    .   k - +1 buckler
rNeg    . . .      Spirit   .   A - +0 acid dragon scales
rPois   .          Reflect  .   i - +2 helmet
rElec   .          Harm     .   E - +2 cloak
rCorr   +          Rampage  .   (no gloves)
Will    +....                   (no boots)
Stlth   ++........              (no amulet)
HPRegen 0.00/turn               b - ring of wizardry
MPRegen 0.17/turn               f - ring of protection from cold

@: studying Bows
A: damage resistance, heal wounds, sense surroundings 2, no regeneration
a: Heal Wounds, Renounce Religion, Minor Destruction


You were on level 11 of the Dungeon.
You worshipped Makhleb.
Makhleb was pleased with you.
You visited 2 branches of the dungeon, and saw 12 of its levels.

You collected 733 gold pieces.

Inventory:

Hand Weapons
 c - a +1 dagger of electrocution (weapon)
 y - a +0 mace of holy wrath
 D - a +2 short sword of flaming
Armour
 i - a +2 helmet (worn)
 k - a +1 buckler (worn)
 v - a +0 robe of cold resistance
 A - +0 acid dragon scales (worn)
 E - a +2 cloak (worn)
 J - a +2 robe of the Archmagi
Jewellery
 b - a ring of wizardry (left hand)
 f - a ring of protection from cold (right hand)
 B - a +4 ring of evasion
 I - a ring of positive energy
Wands
 q - a wand of polymorph (32)
 u - a wand of paralysis (6)
 C - a wand of flame (17)
 G - a wand of iceblast (11)
Scrolls
 e - 4 scrolls of teleportation
 g - 4 scrolls of fog
 n - 3 scrolls of magic mapping
 r - a scroll of fear {unknown}
 s - 3 scrolls of blinking
 x - a scroll of enchant weapon {unknown}
 F - 2 scrolls of amnesia {unknown}
 H - a scroll of torment {unknown}
 K - 2 scrolls of identify
Potions
 a - a potion of ambrosia {unknown}
 d - a potion of might {unknown}
 h - 2 potions of degeneration {unknown}
 j - 3 potions of attraction
 l - 2 potions of haste {unknown}
 m - 2 potions of brilliance {unknown}
 o - 3 potions of lignification {unknown}
 p - a potion of mutation {unknown}
 t - 4 potions of curing {unknown}
 w - 3 potions of flight
 z - a potion of cancellation {unknown}
 L - a potion of berserk rage {unknown}


   Skills:
 - Level 9.0 Fighting
 * Level 5.6 Armour
 + Level 4.5 Dodging
 - Level 2.4 Stealth
 - Level 7.0 Shields
 - Level 6.4 Spellcasting
 - Level 9.5 Necromancy


You had 8 spell levels left.
You knew the following spells:

 Your Spells              Type           Power      Damage    Failure   Level
a - Pain                  Necr           100%       1d9       1%          1
b - Vampiric Draining     Necr           37%        2d8       1%          3
c - Animate Dead          Necr           18%        N/A       1%          4
d - Shock                 Conj/Air       20%        1d4       9%          1
e - Agony                 Necr           37%        N/A       4%          5

Your spell library contained the following spells:

 Spells                   Type           Power      Damage    Failure   Level
 Animate Skeleton         Necr           74%        N/A       1%          1
 Blink                    Tloc           10%        N/A       13%         2
 Ignite Poison            Fire/Tmut/Pois 5%         N/A       26%         3
 Lesser Beckoning         Tloc           5%         N/A       26%         3
 Mephitic Cloud           Conj/Pois/Air  5%         N/A       26%         3
 Swiftness                Air            5%         N/A       26%         3
 Airstrike                Air            2%         N/A       61%         4
 Freezing Cloud           Conj/Ice/Air   2%         6-21      90%         5
 Manifold Assault         Tloc           5%         N/A       90%         5


Dungeon Overview and Level Annotations

Branches:
Dungeon (11/15)            Temple (1/1) D:6             Orc (0/2) D:9
   Lair: D:8-11

Altars:
Ashenzari
Cheibriados
Dithmenos
Elyvilon
Fedhas
Gozag
Hepliaklqana
Kikubaaqudgha
Makhleb
Nemelex Xobeh
Okawaru
Qazlal
Ru
Sif Muna
Trog
Uskayaw
Vehumet
Wu Jian
Xom
Yredelemnul
Zin
The Shining One

Shops:
D:8 =

Portals:
Trove: D:10 (give 5 potions of resistance)

Annotations:
D:5 1 runed translucent door, fly's ghost, novice FoDe
D:7 1 runed translucent door, Crazy Yiuf
D:8 exclusion: statue


Innate Abilities, Weirdness & Mutations

You are resistant to damage.
You can heal yourself by infusing magical energy.
You passively map the area around you.
You do not regenerate.


Message History

There is a stone staircase leading down here.
You start waiting.
Done waiting.
This spell is dangerous to cast!
Memorise Agony, consuming 5 spell levels and leaving 8?
You start memorising the spell.
You continue memorising. x5
You finish memorising.
Spell assigned to 'e'.
There is a stone staircase leading down here.
You climb downwards.
Found a cyan potion.
Found a stone staircase leading down.
There is a stone staircase leading up here.
Found 6 stones.
t - 4 cyan potions (gained 1)
You now have 733 gold pieces (gained 21).
A gargoyle comes into view. It is wielding a +0 morningstar.
Found a club.
Found 21 gold pieces.
The gargoyle hurls a stone arrow at you.
The stone arrow hits you!!
You are too injured to fight recklessly!
Found a dire flail.
The gargoyle hits you with a +0 morningstar!
* * * LOW HITPOINT WARNING * * *
You are too injured to fight recklessly!
Casting: Vampiric Draining (safe; 1% risk of failure)
Confirm with . or Enter, or press ? or * to list all spells.
You can't see any susceptible monsters within range! (Use Z to cast anyway.)
You are too injured to fight recklessly!
Casting: Vampiric Draining (safe; 1% risk of failure)
Confirm with . or Enter, or press ? or * to list all spells.
You can't see any susceptible monsters within range! (Use Z to cast anyway.)
Okay, then.
You block the gargoyle's attack.
You barely miss the gargoyle.
The gargoyle hurls a stone arrow at you.
The stone arrow hits you!!
* * * LOW HITPOINT WARNING * * *
You barely miss the gargoyle.
The gargoyle hits you with a +0 morningstar!!
You die...

##...###.#..# , * *
#........... , ##
##.......### , , *
...##.....#.# , , . *,
* #........#.### *#.#
,, ,
#............#####....
, ,
#.##..................
* * #.
#.....#.##.9.....). *
*. *####.......@....$#
, ##......####..# , *
##..##.# ** , , , ** ,
#....... ,, , ,
#.####.## * ... ).***
,,,, ,, #### #..,, , ,
* *, ,... , , * ** ^
*,, * *


You could see a gargoyle.

Vanquished Creatures
  Nergalle (D:10)
  Maurice (D:8)
  Maggie (D:8)
  Psyche (D:10)
  2 hornets
  A meliai zombie (D:10)
  A shadow (D:10)
  5 yaks (D:9)
  2 vampire mosquitoes (D:9)
  A steam dragon (D:9)
  An acid dragon (D:8)
  2 water moccasins (D:8)
  A black bear (D:5)
  4 orc warriors
  A sky beast (D:8)
  2 ice beasts
  A necrophage (D:6)
  2 ogres (D:4)
  3 centaurs
  A bullfrog (D:7)
  3 gnoll sergeants
  A wyvern zombie (D:6)
  A scorpion (D:4)
  2 wyvern skeletons (D:7)
  10 killer bees
  17 wights
  4 howler monkeys
  3 centaur zombies
  A jelly (D:5)
  4 hounds
  2 centaur skeletons
  5 orc priests
  A bullfrog skeleton (D:4)
  A gnoll shaman (D:10)
  A scorpion zombie (D:5)
  3 iguanas (D:4)
  Terence (D:2)
  Natasha (thrice) (D:2)
  6 orc wizards
  2 killer bee zombies
  2 howler monkey zombies
  7 adders
  14 gnolls
  A white imp (D:5)
  2 ufetubi (D:5)
  2 worms
  4 dart slugs
  24 orcs
  5 ball pythons
  6 bats
  4 endoplasms
  3 giant cockroaches (D:4)
  3 goblins
  11 hobgoblins
  5 quokkas
  4 frilled lizards
  7 kobolds
  3 rats
212 creatures vanquished.

Vanquished Creatures (others)
  A bush (D:6)
  13 plants (D:6)
14 creatures vanquished.

Grand Total: 226 creatures vanquished

Notes
Turn   | Place    | Note
-------+----------+-------------------------------------------
     0 | D:1      | Nattfarinn the Deep Dwarf Necromancer began the quest for
                  | the Orb.
     0 | D:1      | Reached XP level 1. HP: 15/15 MP: 3/3
   146 | D:1      | Reached XP level 2. HP: 16/22 MP: 5/5
   276 | D:1      | Reached skill level 5 in Necromancy
   603 | D:2      | Reached XP level 3. HP: 3/28 MP: 6/6
   608 | D:2      | Learned a level 3 spell: Vampiric Draining
   662 | D:2      | Noticed Natasha
   667 | D:2      | Killed Natasha
   967 | D:2      | Found a hazy altar of Hepliaklqana.
  1054 | D:2      | Noticed Natasha
  1080 | D:2      | Killed Natasha
  1081 | D:2      | Reached XP level 4. HP: 29/36 MP: 0/8
  1102 | D:2      | Noticed Natasha
  1105 | D:2      | Killed Natasha
  1182 | D:2      | Noticed Terence
  1195 | D:2      | Killed Terence
  1423 | D:2      | Reached XP level 5. HP: 36/42 MP: 1/10
  2576 | D:4      | Reached XP level 6. HP: 47/49 MP: 9/13
  2713 | D:4      | Reached skill level 5 in Spellcasting
  3266 | D:4      | Found a basalt altar of Yredelemnul.
  3266 | D:4      | Found a hazy altar of Hepliaklqana.
  3266 | D:4      | Found a shimmering altar of Xom.
  3267 | D:4      | Found a stormy altar of Qazlal.
  3268 | D:4      | Found a glowing silver altar of Zin.
  3269 | D:4      | Found a broken altar of Ashenzari.
  3461 | D:4      | Learned a level 4 spell: Animate Dead
  3678 | D:4      | Reached XP level 7. HP: 39/55 MP: 2/16
  3954 | D:4      | Found a sparkling altar of Nemelex Xobeh.
  4009 | D:5      | Entered Level 5 of the Dungeon
  4168 | D:5      | Reached skill level 1 in Shields
  4449 | D:5      | Found a runed translucent door.
  4453 | D:5      | Noticed fly's ghost (novice FoDe)
  5111 | D:5      | Reached XP level 8. HP: 62/62 MP: 10/17
  5537 | D:6      | Noticed a hornet
  5542 | D:6      | Paralysed by a hornet for 1 turns
  5543 | D:6      | Killed a hornet
  5544 | D:6      | Reached skill level 5 in Shields
  5653 | D:6      | Identified the +0 ring mail of Misotair {Slay+2}
  5760 | D:6      | Learned a level 1 spell: Shock
  5783 | D:6      | Found a blossoming altar of Fedhas.
  6103 | D:6      | Reached skill level 1 in Fighting
  6468 | D:6      | HP: 3/61 [wyvern zombie (4)]
  7456 | D:7      | Gained mutation: You passively map the area around you.
                  | [Deep Dwarf growth]
  7456 | D:7      | Reached XP level 9. HP: 38/78 MP: 8/18
  8178 | D:7      | Found a runed translucent door.
  8181 | D:7      | Noticed Crazy Yiuf
  8474 | D:6      | Found a staircase to the Ecumenical Temple.
  8493 | D:6      | Reached skill level 5 in Fighting
  8517 | Temple   | Entered the Ecumenical Temple
  8840 | Temple   | Became a worshipper of Makhleb the Destroyer
 10191 | D:8      | Noticed Maggie
 10200 | D:8      | Killed Maggie
 10451 | D:8      | Noticed Maurice
 10453 | D:8      | Paralysed by Maurice for 3 turns
 10469 | D:8      | Paralysed by something for 2 turns
 10480 | D:8      | Paralysed by something for 5 turns
 10515 | D:8      | Killed Maurice
 10705 | D:8      | Found a radiant altar of Vehumet.
 10760 | D:8      | Reached XP level 10. HP: 49/86 MP: 19/19
 10929 | D:8      | Found Jiki's Jewellery Shop.
 11318 | D:8      | Reached * piety under Makhleb
 12126 | D:9      | Found a staircase to the Orcish Mines.
 12900 | D:9      | Found a shadowy altar of Dithmenos.
 13428 | D:10     | Entered Level 10 of the Dungeon
 13462 | D:9      | Reached skill level 1 in Armour
 13466 | D:9      | Reached ** piety under Makhleb
 13537 | D:10     | Noticed Nergalle
 13621 | D:10     | Found a portal to a secret trove of treasure.
 13794 | D:10     | Killed Nergalle
 14120 | D:10     | Noticed Psyche
 14129 | D:10     | Killed Psyche
 14378 | D:10     | Reached skill level 5 in Armour
 14397 | D:10     | Paralysed by a hornet for 2 turns
 14401 | D:10     | Reached XP level 11. HP: 54/106 MP: 7/20
 14893 | D:11     | Noticed a skeletal warrior
 14893 | D:11     | Noticed a skeletal warrior
 14893 | D:11     | Noticed a skeletal warrior
 15005 | D:10     | Learned a level 5 spell: Agony
 15077 | D:11     | Mangled by a gargoyle

Illustrated notes

Levels and vault maps discovered:
D:1:      nicolae_arrival_memento_mori, layout_rooms, minmay_pentomino_r2
D:2:      layout_basic, basic_altar, uniq_natasha, uniq_terence
D:3:      layout_basic
D:4:      layout_basic, mainiacjoe_overflow_chevrons, minitemple, st_stairs_4
D:5:      layout_loops_ring, ebering_ghost_reflecting_pool
D:6:      layout_gridville, fedhas_altar_decomposition,
          minmay_temple_entry_wispy
D:7:      minmay_spotlight, layout_basic, kennysheep_generic_room_4,
          uniq_crazy_yiuf_cottage
D:8:      layout_layer_cave, vehumet_statue, serial_shops, shop,
          nicolae_straight_to_the_point, uniq_maurice, uniq_maggie
D:9:      layout_small_grid, mainiacjoe_overflow_small_starburst,
          david_orc_1_choice
D:10:     layout_basic, nicolae_trove_entry_crossroad, kennysheep_donut,
          uniq_nergalle, uniq_psyche
D:11:     layout_rooms, minmay_lair_entry_grove, columned_hall_lemuel,
          uniq_erica
Temple:   hc_temple_tempest_star

Skill      XL: |  1  2  3  4  5  6  7  8  9 10 |
---------------+-------------------------------+-----
Spellcasting   | 2 3 4 6 |  6.4
Necromancy     | 5 6 8 9 |  9.5
Shields        | 4 7 |  7.0
Fighting       | 3 7 9 |  9.0
Armour         | 5 |  5.6
Dodging        | 4 |  4.5
Stealth        | |  2.4

Action                   |  1- 3 |  4- 6 |  7- 9 | 10-12 || total
-------------------------+-------+-------+-------+-------++-------
Melee: Unarmed           |     7 |       |       |       ||     7
       Dagger            |    60 |    76 |   246 |   232 ||   614
       Punch             |     1 |     1 |       |       ||     2
 Cast: Pain              |     4 |       |     1 |       ||     5
       Vampiric Draining |    10 |    50 |   121 |    89 ||   270
       Shock             |       |       |    16 |       ||    16
       Animate Dead      |       |       |       |     1 ||     1
Evoke: Wand              |       |       |     4 |       ||     4
  Use: Potion            |       |       |     4 |     1 ||     5
       Scroll            |       |       |     8 |     3 ||    11
 Stab: Sleeping          |     2 |     3 |     1 |       ||     6
       Paralysed         |       |       |     1 |       ||     1
       Distracted        |       |       |       |     2 ||     2
Armor: Robe              |     8 |    21 |    49 |       ||    78
       Acid dragon scale |       |       |    28 |   166 ||   194
Dodge: Dodged            |    41 |    81 |   180 |   231 ||   533
Block: Buckler           |       |       |    59 |   135 ||   194

Table legend: (Time is in decaauts)
 A = Elapsed time spent in this place.
 B = Non-inter-level travel time spent in this place.
 C = Inter-level travel time spent in this place.
 D = Time resting spent in this place.
 E = Time spent auto-exploring this place.
 F = Levels seen in this place.
 G = Mean time per level.
                   A        B        C        D        E       F      G
               +--------+--------+--------+--------+--------+-----+--------+
         Total |  15113 |  14459 |    654 |   3193 |   8813 |  12 | 1259.4 |
       Dungeon |  14760 |  14155 |    605 |   3193 |   8522 |  11 | 1341.8 |
        Temple |    353 |    304 |     49 |      0 |    290 |   1 |  353.0 |
               +--------+--------+--------+--------+--------+-----+--------+

Top non-repeatable levels by time:
     D:8: 3252 daAuts
     D:7: 2018 daAuts
     D:4: 1719 daAuts
     D:9: 1483 daAuts
     D:5: 1289 daAuts
    D:10: 1280 daAuts
     D:2: 1171 daAuts
     D:6: 1152 daAuts
     D:3: 811 daAuts
     D:1: 545 daAuts
  Temple: 353 daAuts
    D:11: 35 daAuts
